 Dungeon Crawl Stone Soup version 0.26-a0-663-g36e8fdb655 (webtiles) character file.

Game seed: 8109016960804161722

6379 looop the Frost Mage (level 10, 0/87 HPs)
             Began as a Demonspawn Ice Elementalist on Oct 10, 2020.
             Was an Initiate of Gozag.
             Slain by Snorg (15 damage)
             ... on level 10 of the Dungeon.
             The game lasted 00:16:04 (11238 turns).

looop the Frost Mage (Demonspawn Ice Elementalist) Turns: 11238, Time: 00:16:05

Health: 0/87       AC: 10    Str:  4    XL:     10   Next: 65%
Magic:  0/20       EV: 15    Int: 24    God:    Gozag
Gold:   632        SH:  0    Dex: 15    Spells: 7/22 levels left

rFire    x . .     SeeInvis .   y - +6 glaive of Gravity {venom, *Noise MR+++ Int+4}
rCold    . . .     Faith    .   (shield currently unavailable)
rNeg     . . .     Spirit   +   G - +2 robe of the Volcano {Str-4 Dex+3 Stlth+}
rPois    +         Reflect  .   (no helmet)
rElec    +         Harm     .   f - +1 cloak
rCorr    .         Rampage  .   a - +2 pair of gloves of the Shining Light {rElec rPois rF- Regen+}
MR       +++..     Clarity  +   (no boots)
Stlth    +++.......             b - amulet of the acrobat
HPRegen  0.64/turn              (no ring)
MPRegen  0.34/turn              (no ring)

@: gold aura, frozen ramparts, lightly drained
A: hooves 2, rugged brown scales 1, blurry vision 1, clarity, clumsy 1, robust
1, spiny 2, magic shield, magic regeneration, magic link
a: Potion Petition, Call Merchant, Bribe Branch, Renounce Religion


You were on level 10 of the Dungeon.
You worshipped Gozag.
Gozag was pleased with you.
You visited 2 branches of the dungeon, and saw 11 of its levels.

You collected 796 gold pieces.
You paid 164 gold pieces to Gozag.

Inventory:

Hand Weapons
 y - the +6 glaive of Gravity (weapon) {venom, *Noise MR+++ Int+4}
   (You found it on level 7 of the Dungeon)

   It poisons the flesh of those it strikes.
   It affects your intelligence (+4).
   It affects your resistance to hostile enchantments.
   It may make noises in combat.
Missiles
 g - 28 poisoned darts (quivered)
Armour
 a - the +2 pair of gloves of the Shining Light (worn) {rElec rPois rF- Regen+}
   (You found it on level 8 of the Dungeon)

   It makes you vulnerable to fire.
   It insulates you from electricity.
   It protects you from poison.
   It increases your rate of regeneration.
 f - a +1 cloak (worn)
 G - the +2 robe of the Volcano (worn) {Str-4 Dex+3 Stlth+}
   (You found it on level 9 of the Dungeon)

   It affects your strength (-4).
   It affects your dexterity (+3).
   It makes you more stealthy.
Jewellery
 b - an amulet of the acrobat (around neck)
Wands
 h - a wand of iceblast (9)
 r - a wand of disintegration (5)
 t - a wand of polymorph (15)
 z - a wand of random effects (12)
 A - a wand of paralysis (6)
Scrolls
 c - 7 scrolls of remove curse
 e - 2 scrolls of noise {unknown}
 i - 4 scrolls of teleportation
 q - 2 scrolls of enchant weapon
 s - 3 scrolls of magic mapping
 B - a scroll of fog
 E - a scroll of silence
 F - a scroll of fear
Potions
 d - 5 potions of curing
 j - a potion of heal wounds
 k - 2 potions of might {unknown}
 m - 3 potions of mutation
 n - a potion of degeneration {unknown}
 o - a potion of invisibility {unknown}
 p - 5 potions of brilliance {unknown}
 u - a potion of haste {unknown}
 v - 4 potions of resistance {unknown}
 w - a potion of magic {unknown}
 C - a potion of stabbing {unknown}
 D - 2 potions of ambrosia {unknown}


   Skills:
 + Level 6.7(6.5) Fighting
 + Level 4.9(4.7) Dodging
 - Level 1.7(1.5) Stealth
 + Level 6.8(6.6) Spellcasting
 - Level 3.8(3.6) Conjurations
 - Level 4.0(3.8) Summonings
 * Level 10.1(9.8) Ice Magic


You had 7 spell levels left.
You knew the following spells:

 Your Spells              Type           Power        Failure   Level
a - Freeze                Ice            ####         1%          1
b - Frozen Ramparts       Ice            ######       1%          3
c - Ozocubu's Armour      Ice            ######..     1%          3
d - Hailstorm             Conj/Ice       #####...     4%          4
e - Summon Ice Beast      Ice/Summ       #####...     4%          4

Your spell library contained the following spells:

 Spells                   Type           Power        Failure   Level


Dungeon Overview and Level Annotations

Branches:
Dungeon (10/15)            Temple (1/1) D:6            Lair (0/6) D:10
    Orc: D:9-12

Altars:
Ashenzari
Cheibriados
Dithmenos
Elyvilon
Fedhas
Gozag
Hepliaklqana
Kikubaaqudgha
Makhleb
Nemelex Xobeh
Okawaru
Qazlal
Ru
Sif Muna
Trog
Uskayaw
Vehumet
Wu Jian
Xom
Yredelemnul
Zin
The Shining One

Annotations:
D:10 Snorg


Innate Abilities, Weirdness & Mutations

You have hoof-like feet.
You are partially covered in rugged brown scales. (AC +1, +3% HP)
You are mostly covered in sharp spines.
When hurt, damage is shared between your health and your magic reserves.
You regenerate magic rapidly.
When low on magic, you restore magic in place of health.
Scrolls take you a little longer to read.
You possess an exceptional clarity of mind.
You are clumsy. (Dex -2)
You are robust. (+10% HP)


Message History

The wall freezes Snorg.
Snorg bites you!!
* * * LOW HITPOINT WARNING * * *
Snorg claws you!
* * * LOW HITPOINT WARNING * * *
Snorg claws you.
* * * LOW HITPOINT WARNING * * *
Casting: Summon Ice Beast (dangerous; 4% risk of failure)
Confirm with . or Enter, or press ? or * to list all spells.
You don't have enough magic to cast that spell.
The wall freezes Snorg!
Your ice beast hits the hound zombie.
Your ice beast freezes the hound zombie.
The hound zombie resists.
Okay, then.
You feel much better. The centaur is struck by your spines.
You kill the centaur!
The wall freezes Snorg.
Snorg is struck by your spines. Snorg bites you!
* * * LOW HITPOINT WARNING * * *
Snorg barely misses you. Snorg claws you!
You die...
Your body crumbles into a pile of gold.

#.......# #.......#
######.......###
#...(..$$......# ####
#......#$###.###
#....#......#.###+##
##....#.............#
.......$(..$........# $
#.....($YZT@.......#
.........####.......#
#.#.#....# #.......# #
.. #<...#
#.......####.# ## #.
......./....###.......#
#. ..#....#######
#.......# #. ..#.####
####.......# #. .. #.
##..........# #.
#...........# #<


You could see Snorg (berserk), a hound zombie and a friendly ice beast
(summoned).

Vanquished Creatures
  Harold (D:9)
  A two-headed ogre (D:9)
  5 yaks (D:10)
  3 wyverns (D:10)
  2 water moccasins (D:10)
  2 orc warriors
  Duvessa (D:5)
  2 ice beasts
  2 ogres
  5 centaurs
  Blork the orc (D:4)
  4 bullfrogs
  A scorpion (D:8)
  A wyvern skeleton (D:8)
  Dowan (D:5)
  2 water moccasin skeletons
  3 killer bees (D:9)
  11 wights
  4 electric eels (D:8)
  2 hounds
  7 orc priests
  6 jellies
  7 orc wizards
  2 bullfrog skeletons (D:8)
  2 iguanas
  6 worker ants
  2 hound skeletons (D:8)
  A howler monkey zombie (D:5)
  19 adders
  15 gnolls
  A shadow imp (D:5)
  A white imp (D:6)
  An ufetubus (D:8)
  An ooze (D:4)
  An adder zombie (D:5)
  3 worms
  10 leopard geckos
  24 orcs
  A giant cockroach (D:3)
  9 hobgoblins
  4 jackals
  4 quokkas
  12 bats
  5 frilled lizards
  12 goblins
  A jackal skeleton (D:6)
  6 kobolds
  A leopard gecko skeleton (D:8)
  A leopard gecko zombie (D:6)
  A quokka zombie (D:7)
  3 rats
223 creatures vanquished.

Vanquished Creatures (others)
  2 fungi (D:10)
  13 plants
  2 withered plants (D:2)
17 creatures vanquished.

Grand Total: 240 creatures vanquished

Notes
Turn   | Place    | Note
-------+----------+-------------------------------------------
     0 | D:1      | looop the Demonspawn Ice Elementalist began the quest for
                  | the Orb.
     0 | D:1      | Reached XP level 1. HP: 13/13 MP: 3/3
   413 | D:1      | Gained mutation: When hurt, damage is shared between your
                  | health and your magic reserves. [demonic ancestry]
   413 | D:1      | Reached XP level 2. HP: 15/19 MP: 0/5
   589 | D:1      | Reached skill level 4 in Ice Magic
  1141 | D:2      | Reached XP level 3. HP: 24/24 MP: 3/6
  1146 | D:2      | Learned a level 3 spell: Frozen Ramparts
  1509 | D:2      | Found a burning altar of Makhleb.
  1769 | D:2      | Found an ancient bone altar of Kikubaaqudgha.
  1781 | D:2      | Learned a level 3 spell: Ozocubu's Armour
  1885 | D:2      | Gained mutation: You have large cloven feet. [demonic
                  | ancestry]
  1885 | D:2      | Reached XP level 4. HP: 22/30 MP: 3/8
  1971 | D:2      | You fall into a shaft and drop 2 floors!
  2495 | D:2      | Reached skill level 1 in Fighting
  2495 | D:2      | Reached skill level 5 in Ice Magic
  2714 | D:3      | Gained mutation: You are partially covered in sharp spines.
                  | [demonic ancestry]
  2714 | D:3      | Reached XP level 5. HP: 36/37 MP: 9/9
  2829 | D:3      | Found an ornate altar of the Wu Jian Council.
  3293 | D:3      | Found a glowing golden altar of the Shining One.
  3657 | D:4      | Found a blossoming altar of Fedhas.
  3830 | D:4      | Gained mutation: You have hoof-like feet. [demonic
                  | ancestry]
  3830 | D:4      | Reached XP level 6. HP: 44/44 MP: 11/11
  3834 | D:4      | Found a broken altar of Ashenzari.
  4268 | D:4      | Noticed Blork the orc
  4284 | D:4      | Killed Blork the orc
  4284 | D:4      | Reached skill level 6 in Ice Magic
  4755 | D:5      | Entered Level 5 of the Dungeon
  4790 | D:5      | Gained mutation: You regenerate magic rapidly. [demonic
                  | ancestry]
  4790 | D:5      | Reached XP level 7. HP: 51/51 MP: 6/13
  4917 | D:5      | Noticed Duvessa
  4917 | D:5      | Noticed Dowan
  4923 | D:5      | Killed Dowan
  4926 | D:5      | Killed Duvessa
  5125 | D:5      | Reached skill level 7 in Ice Magic
  5128 | D:5      | Gained mutation: You possess an exceptional clarity of
                  | mind. [potion of mutation]
  5128 | D:5      | Gained mutation: Scrolls take you a little longer to read.
                  | [potion of mutation]
  5128 | D:5      | Gained mutation: You are clumsy. (Dex -2) [potion of
                  | mutation]
  5128 | D:5      | Gained mutation: You are robust. (+10% HP) [potion of
                  | mutation]
  5408 | D:5      | Gained mutation: When low on magic, you restore magic in
                  | place of health. [demonic ancestry]
  5408 | D:5      | Reached XP level 8. HP: 34/66 MP: 9/15
  6218 | D:5      | Learned a level 4 spell: Hailstorm
  6223 | D:5      | Learned a level 4 spell: Summon Ice Beast
  6405 | D:6      | Reached skill level 5 in Spellcasting
  6589 | D:6      | Found a staircase to the Ecumenical Temple.
  6599 | Temple   | Entered the Ecumenical Temple
  6862 | D:6      | Found an iron altar of Okawaru.
  6862 | D:6      | Found a bloodstained altar of Trog.
  7019 | D:6      | Reached skill level 1 in Conjurations
  7019 | D:6      | Reached skill level 1 in Summonings
  7929 | D:7      | Reached skill level 8 in Ice Magic
  7943 | D:7      | Got a pitted glaive
  7944 | D:7      | Identified the +6 glaive of Gravity {venom, *Noise MR+++
                  | Int+4} (You found it on level 7 of the Dungeon)
  8731 | D:7      | Gained mutation: You are mostly covered in sharp spines.
                  | [demonic ancestry]
  8731 | D:7      | Reached XP level 9. HP: 49/73 MP: 10/17
  8751 | D:7      | Reached skill level 5 in Fighting
  9123 | D:8      | Got a pair of faintly humming gloves
  9135 | D:8      | Identified the +2 pair of gloves of the Shining Light
                  | {rElec rPois rF- Regen+} (You found it on level 8 of the
                  | Dungeon)
  9468 | D:8      | Found a shadowy altar of Dithmenos.
  9539 | D:8      | Found a hazy altar of Hepliaklqana.
 10165 | D:9      | Noticed a two-headed ogre
 10176 | D:9      | Killed a two-headed ogre
 10176 | D:9      | Reached skill level 9 in Ice Magic
 10243 | D:9      | Noticed Harold
 10253 | D:9      | Killed Harold
 10253 | D:9      | Gained mutation: You are partially covered in rugged brown
                  | scales. (AC +1, +3% HP) [demonic ancestry]
 10253 | D:9      | Reached XP level 10. HP: 60/85 MP: 14/19
 10473 | D:9      | Found a basalt altar of Yredelemnul.
 10473 | D:9      | Found a stormy altar of Qazlal.
 10473 | D:9      | Found a shimmering blue altar of Sif Muna.
 10476 | D:9      | Found an opulent altar of Gozag.
 10484 | D:9      | Became a worshipper of Gozag Ym Sagoz the Greedy
 10490 | D:9      | Found a broken altar of Ashenzari.
 10781 | D:9      | Got a twisted robe
 10796 | D:9      | Identified the +2 robe of the Volcano {Str-4 Dex+3 Stlth+}
                  | (You found it on level 9 of the Dungeon)
 10831 | D:10     | Entered Level 10 of the Dungeon
 11055 | D:10     | Found a staircase to the Lair.
 11109 | D:10     | Reached skill level 10 in Ice Magic
 11225 | D:10     | Noticed Snorg
 11236 | D:10     | HP: 4/87 [Snorg (2)]
 11238 | D:10     | Slain by Snorg

Illustrated notes

Levels and vault maps discovered:
D:1:      lightli_arrival_statue_moat, layout_basic
D:2:      layout_loops_ring, lemuel_doored_altar, kiku_gazebo_garden_becter
D:3:      layout_basic, old_standard_altar, old_standard_altar
D:4:      layout_basic, nicolae_overflow_crystal_walls,
          nicolae_ashenzari_panopticon, uniq_blork_the_orc
D:5:      layout_basic, uniq_duvessa
D:6:      layout_loops_ring, grunt_temple_overflow_bloody_war,
          minmay_temple_entry_large_hall, minmay_misc_feat_more_columns,
          minmay_misc_feat_doors
D:7:      layout_layer_cave, grunt_decor_clamped,
          hangedman_decor_clover_reticule
D:8:      layout_rooms, kennysheep_little_box, chequers_serial_rivers_large_a,
          chequers_big_river, minmay_fountain_box,
          nicolae_dithmenos_through_a_glass_darkly
D:9:      layout_stronghold, lemuel_crystal_altar, grunt_temple_overflow_open,
          uniq_harold
D:10:     layout_basic, minmay_lair_entry_grove, hangedman_decor_opposing,
          uniq_snorg
Temple:   jpeg_temple_island

Skill      XL: |  1  2  3  4  5  6  7  8  9 10 |
---------------+-------------------------------+-----
Ice Magic      | 4 5 6 7 8 9 10 | 10.1
Spellcasting   | 3 4 5 6 |  6.8
Fighting       | 1 2 3 4 5 6 |  6.7
Dodging        | 2 4 |  4.9
Conjurations   | 2 3 |  3.8
Summonings     | 2 3 4 |  4.0
Stealth        | |  1.7

Action                   |  1- 3 |  4- 6 |  7- 9 | 10-12 || total
-------------------------+-------+-------+-------+-------++-------
Melee: Dagger            |    70 |    85 |    79 |       ||   234
       Kick              |       |    15 |    31 |     8 ||    54
       Glaive            |       |       |   100 |    52 ||   152
Throw: Dart              |    59 |     7 |     2 |       ||    68
 Cast: Freeze            |    24 |     2 |     2 |       ||    28
       Frozen Ramparts   |     2 |    17 |    22 |     4 ||    45
       Ozocubu's Armour  |       |       |     6 |     1 ||     7
       Hailstorm         |       |       |     4 |       ||     4
       Summon Ice Beast  |       |       |       |     1 ||     1
  Use: Potion            |       |       |     2 |     1 ||     3
       Scroll            |       |       |       |    10 ||    10
 Stab: Sleeping          |     2 |     3 |     3 |     2 ||    10
       Distracted        |       |       |     1 |       ||     1
Armor: Robe              |    19 |    19 |    33 |    14 ||    85
Dodge: Dodged            |    62 |    46 |   113 |    61 ||   282

Table legend: (Time is in decaauts)
 A = Elapsed time spent in this place.
 B = Non-inter-level travel time spent in this place.
 C = Inter-level travel time spent in this place.
 D = Time resting spent in this place.
 E = Time spent auto-exploring this place.
 F = Levels seen in this place.
 G = Mean time per level.
                   A        B        C        D        E       F      G
               +--------+--------+--------+--------+--------+-----+--------+
         Total |  11356 |  11145 |    211 |    785 |   8792 |  11 | 1032.4 |
       Dungeon |  11069 |  10881 |    188 |    785 |   8529 |  10 | 1106.9 |
        Temple |    287 |    264 |     23 |      0 |    263 |   1 |  287.0 |
               +--------+--------+--------+--------+--------+-----+--------+

Top non-repeatable levels by time:
     D:5: 1567 daAuts
     D:7: 1485 daAuts
     D:2: 1416 daAuts
     D:4: 1379 daAuts
     D:6: 1107 daAuts
     D:1: 1077 daAuts
     D:8: 986 daAuts
     D:3: 829 daAuts
     D:9: 779 daAuts
    D:10: 439 daAuts
  Temple: 287 daAuts
